BR
SAN PABLO DE LAS SALINAS DOCTORS @ SANTA ANNA DUKES
08/23/2027
 
TOP OF THE 1ST
San Pablo de las Salinas Doctors batting - Pitching for Santa Anna Dukes : LHP Ángel Gonzáles
Pitching: LHP Ángel Gonzáles
Batting: SHB Jorge Aguilar 0-0: Ball
1-0: Ground out 5-3 (Groundball, 56)
Batting: RHB Arthur Hopkins 0-0: Ball
1-0: Ball
2-0: Called Strike
2-1: Called Strike
2-2: Foul Ball, location: 2F
2-2: Fly out, F9 (Flyball, 9LMF)
Batting: RHB Arturo Franco 0-0: Called Strike
0-1: Ball
1-1: Swinging Strike
1-2: Foul Ball, location: 2F
1-2: Strikes out swinging
Top of the 1st over - 0 run(s), 0 hit(s), 0 error(s), 0 left on base; San Pablo de las Salinas 0 - Santa Anna 0
BOTTOM OF THE 1ST
Santa Anna Dukes batting - Pitching for San Pablo de las Salinas Doctors : RHP Roger Coulombe
Pitching: RHP Roger Coulombe
Batting: RHB Rory Howard 0-0: Foul Ball, location: 2F
0-1: Ground out 1-3 (Groundball, P)
Batting: RHB Ben Wilson 0-0: Ground out 6-3 (Groundball, 6)
Batting: RHB Jesús Velásquez 0-0: Ball
1-0: Called Strike
1-1: Ball
2-1: Foul Ball, location: 2F
2-2: SINGLE (Line Drive, 34D)
Batting: RHB Scott McGuire 0-0: Foul Ball, location: 2F
0-1: Ball
1-1: Ball
2-1: Ball
3-1: Swinging Strike
3-2: Strikes out swinging
Bottom of the 1st over - 0 run(s), 1 hit(s), 0 error(s), 1 left on base; San Pablo de las Salinas 0 - Santa Anna 0
TOP OF THE 2ND
San Pablo de las Salinas Doctors batting - Pitching for Santa Anna Dukes : LHP Ángel Gonzáles
Batting: RHB Joel Hebert 0-0: Ball
1-0: Ball
2-0: Ball
3-0: Called Strike
3-1: Fly out, F8 (Flyball, 8LM)
Batting: RHB Mario Barker 0-0: Ball
1-0: Foul Ball, location: 2F
1-1: Foul Ball, location: 2F
1-2: Ball
2-2: Foul Ball, location: 2F
2-2: Ball
3-2: Base on Balls
Batting: RHB Júlio Núñez 0-0: Ball
1-0: Fly out, F9 (Flyball, 9S)
Batting: RHB Luis López 0-0: Swinging Strike
0-1: Ball
1-1: Called Strike
1-2: Strikes out swinging
Top of the 2nd over - 0 run(s), 0 hit(s), 0 error(s), 1 left on base; San Pablo de las Salinas 0 - Santa Anna 0
BOTTOM OF THE 2ND
Santa Anna Dukes batting - Pitching for San Pablo de las Salinas Doctors : RHP Roger Coulombe
Batting: SHB Jerry Young 0-0: Ball
1-0: Ball
2-0: Fly out, F3 (Popup, 34)
Batting: RHB John Hutchins 0-0: Called Strike
0-1: Called Strike
0-2: Ball
1-2: Foul Ball, location: 2F
1-2: Foul Ball, location: 2F
1-2: Foul Ball, location: 2F
1-2: Ground out 5-3 (Groundball, 56)
Batting: LHB Tony Beck 0-0: Foul Ball, location: 2F
0-1: Foul Ball, location: 2F
0-2: Strikes out swinging
Bottom of the 2nd over - 0 run(s), 0 hit(s), 0 error(s), 0 left on base; San Pablo de las Salinas 0 - Santa Anna 0
TOP OF THE 3RD
San Pablo de las Salinas Doctors batting - Pitching for Santa Anna Dukes : LHP Ángel Gonzáles
Batting: RHB Domingo Salinas 0-0: Foul Ball, location: 2F
0-1: Swinging Strike
0-2: DOUBLE (Line Drive, 7LM)
Batting: RHB Ramón Espinoza 0-0: Ball
1-0: Called Strike
1-1: Swinging Strike
1-2: Strikes out swinging
Batting: SHB Jorge Aguilar 0-0: Ball
1-0: Ball
2-0: Called Strike
2-1: Ball
3-1: Foul Ball, location: 2F
3-2: Strikes out swinging
Batting: RHB Arthur Hopkins 0-0: Ball
1-0: Called Strike
1-1: Swinging Strike
1-2: Foul Ball, location: 2F
1-2: Fly out, F8 (Flyball, 8RS)
Top of the 3rd over - 0 run(s), 1 hit(s), 0 error(s), 1 left on base; San Pablo de las Salinas 0 - Santa Anna 0
BOTTOM OF THE 3RD
Santa Anna Dukes batting - Pitching for San Pablo de las Salinas Doctors : RHP Roger Coulombe
Batting: RHB William Elliott 0-0: Swinging Strike
0-1: Foul Ball, location: 2F
0-2: Ball
1-2: Foul Ball, location: 2F
1-2: Ball
2-2: Ball
3-2: Strikes out swinging
Batting: RHB Brian Martínez 0-0: Ground out 6-3 (Groundball, 6)
Batting: RHB Rory Howard 0-0: Ball
1-0: Called Strike
1-1: Called Strike
1-2: Ball
2-2: Strikes out looking
Bottom of the 3rd over - 0 run(s), 0 hit(s), 0 error(s), 0 left on base; San Pablo de las Salinas 0 - Santa Anna 0
TOP OF THE 4TH
San Pablo de las Salinas Doctors batting - Pitching for Santa Anna Dukes : LHP Ángel Gonzáles
Batting: RHB Arturo Franco 0-0: Fly out, F9 (Flyball, 9S)
Batting: RHB Joel Hebert 0-0: Ball
1-0: Swinging Strike
1-1: Called Strike
1-2: SOLO HOME RUN (Flyball, 7D), Distance : 388 ft
Batting: RHB Mario Barker 0-0: Swinging Strike
0-1: Ball
1-1: Fly out, F8 (Flyball, 8LM)
Batting: RHB Júlio Núñez 0-0: Ball
1-0: Ball
2-0: Ball
3-0: Called Strike
3-1: Swinging Strike
3-2: Base on Balls
Batting: RHB Luis López 0-0: Ball
1-0: Foul Ball, location: 2F
1-1: Swinging Strike
1-2: Fly out, F9 (Flyball, 9LS)
Top of the 4th over - 1 run(s), 1 hit(s), 0 error(s), 1 left on base; San Pablo de las Salinas 1 - Santa Anna 0
BOTTOM OF THE 4TH
Santa Anna Dukes batting - Pitching for San Pablo de las Salinas Doctors : RHP Roger Coulombe
Batting: RHB Ben Wilson 0-0: Foul Ball, location: 2F
0-1: Ball
1-1: Foul Ball, location: 2F
1-2: Strikes out swinging
Batting: RHB Jesús Velásquez 0-0: Ball
1-0: Ball
2-0: Ball
3-0: Called Strike
3-1: Called Strike
3-2: Ground out 5-3 (Groundball, 56S)
Batting: RHB Scott McGuire 0-0: Called Strike
0-1: Ball
1-1: Ball
2-1: Ball
3-1: Called Strike
3-2: Foul Ball, location: 2F
3-2: Ground out 6-3 (Groundball, 6)
Bottom of the 4th over - 0 run(s), 0 hit(s), 0 error(s), 0 left on base; San Pablo de las Salinas 1 - Santa Anna 0
TOP OF THE 5TH
San Pablo de las Salinas Doctors batting - Pitching for Santa Anna Dukes : LHP Ángel Gonzáles
Batting: RHB Domingo Salinas 0-0: Hit by Pitch
Batting: RHB Ramón Espinoza 0-0: Ball
1-0: Foul Ball, location: 2F
1-1: Swinging Strike
1-2: Ball
2-2: Fly out, F5 (Popup, 5D)
Batting: SHB Jorge Aguilar 0-0: Ball
1-0: Called Strike
1-1: Swinging Strike
1-2: Ball
2-2: Ball
3-2: Base on Balls
Domingo Salinas to second
Batting: RHB Arthur Hopkins 0-0: Ball
1-0: Fielders Choice at 2nd, 6-4 (Groundball, 6)
Domingo Salinas to third
Pitching: RHP A.J. Wellman
Batting: RHB Arturo Franco 0-0: Called Strike
0-1: Ball
1-1: Foul Ball, location: 2F
1-2: SINGLE (Flyball, 8LS)
Domingo Salinas scores
Arthur Hopkins to second
Runner from 2nd tries for 3rd, SAFE, no throw
Batting: RHB Joel Hebert 0-0: Called Strike
0-1: Ball
1-1: Ball
2-1: Ball
3-1: Base on Balls
Arturo Franco to second
Batting: RHB Mario Barker 0-0: Called Strike
0-1: Ball
1-1: Ball
2-1: Ball
3-1: Base on Balls
Arthur Hopkins scores
Arturo Franco to third
Joel Hebert to second
Batting: RHB Júlio Núñez 0-0: Ball
1-0: Fly out, F8 (Flyball, 8LM)
Top of the 5th over - 2 run(s), 1 hit(s), 0 error(s), 3 left on base; San Pablo de las Salinas 3 - Santa Anna 0
BOTTOM OF THE 5TH
Santa Anna Dukes batting - Pitching for San Pablo de las Salinas Doctors : RHP Roger Coulombe
Batting: SHB Jerry Young 0-0: Ball
1-0: Swinging Strike
1-1: SINGLE (Line Drive, 6MD)
Batting: RHB John Hutchins 0-0: Called Strike
0-1: Ball
1-1: Single, Error in OF, E7, batter to second base
Jerry Young to third
Batting: LHB Tony Beck 0-0: Ball
1-0: Ball
2-0: Ball
3-0: Called Strike
3-1: Base on Balls
Batting: RHB William Elliott 0-0: Ball
1-0: Called Strike
1-1: Ball
2-1: Ball
3-1: Swinging Strike
3-2: Base on Balls
Jerry Young scores
John Hutchins to third
Tony Beck to second
Batting: RHB Brian Martínez 0-0: Ball
1-0: SINGLE (Line Drive, 78S)
John Hutchins scores
Tony Beck to third
William Elliott to second
Batting: RHB Rory Howard 0-0: Swinging Strike
0-1: Foul Ball, location: 2F
0-2: Strikes out swinging
Batting: RHB Ben Wilson 0-0: Called Strike
0-1: Swinging Strike
0-2: GRAND SLAM HOME RUN (Flyball, 7D), Distance : 396 ft
Pitching: RHP Juan Oliveira
Batting: RHB Jesús Velásquez 0-0: Ball
1-0: Ball
2-0: Swinging Strike
2-1: Ball
3-1: Foul Ball, location: 2F
3-2: Foul Ball, location: 2F
3-2: Foul Ball, location: 2F
3-2: Foul Ball, location: 2F
3-2: Foul Ball, location: 2F
3-2: Strikes out swinging
Batting: RHB Scott McGuire 0-0: Ball
1-0: Foul Ball, location: 2F
1-1: Fly out, F8 (Flyball, 8RXD)
Bottom of the 5th over - 6 run(s), 4 hit(s), 1 error(s), 0 left on base; San Pablo de las Salinas 3 - Santa Anna 6
TOP OF THE 6TH
San Pablo de las Salinas Doctors batting - Pitching for Santa Anna Dukes : RHP A.J. Wellman
Batting: RHB Luis López 0-0: Ball
1-0: SINGLE (Flyball, 78S)
Batting: RHB Domingo Salinas 0-0: Ball
1-0: Swinging Strike
1-1: Called Strike
1-2: Strikes out swinging
Batting: RHB Ramón Espinoza 0-0: Foul Ball, location: 2F
0-1: Ball
1-1: Swinging Strike
1-2: Ball
2-2: Ball
3-2: Strikes out looking
Batting: SHB Jorge Aguilar 0-0: Ball
1-0: DOUBLE (Line Drive, 78M)
Luis López to third
Runner from 3rd tries for Home, SAFE, no throw
Batting: RHB Arthur Hopkins 0-0: Called Strike
0-1: Ball
1-1: Ball
2-1: Fly out, F8 (Flyball, 8RS)
Top of the 6th over - 1 run(s), 2 hit(s), 0 error(s), 1 left on base; San Pablo de las Salinas 4 - Santa Anna 6
BOTTOM OF THE 6TH
Santa Anna Dukes batting - Pitching for San Pablo de las Salinas Doctors : RHP Juan Oliveira
Batting: SHB Jerry Young 0-0: Swinging Strike
0-1: Ball
1-1: Called Strike
1-2: Strikes out swinging
Batting: RHB John Hutchins 0-0: Called Strike
0-1: Ball
1-1: Swinging Strike
1-2: Ball
2-2: Ball
3-2: Foul Ball, location: 2F
3-2: Base on Balls
Batting: LHB Tony Beck 0-0: Called Strike
0-1: Foul Ball, location: 2F
0-2: Grounds into double play, 4-6-3 (Groundball, 4M)
Bottom of the 6th over - 0 run(s), 0 hit(s), 0 error(s), 0 left on base; San Pablo de las Salinas 4 - Santa Anna 6
TOP OF THE 7TH
San Pablo de las Salinas Doctors batting - Pitching for Santa Anna Dukes : RHP A.J. Wellman
Batting: RHB Arturo Franco 0-0: Called Strike
0-1: Ball
1-1: Called Strike
1-2: Foul Ball, location: 2F
1-2: Fly out, F9 (Flyball, 89S)
Batting: RHB Joel Hebert 0-0: Swinging Strike
0-1: Swinging Strike
0-2: Strikes out swinging
Pitching: RHP José Braceiras
Batting: RHB Mario Barker 0-0: Ball
1-0: Foul Ball, location: 2F
1-1: SINGLE (Groundball, 34D)
Batting: RHB Júlio Núñez 0-0: Ball
Mario Barker is caught stealing 2nd base
Top of the 7th over - 0 run(s), 1 hit(s), 0 error(s), 0 left on base; San Pablo de las Salinas 4 - Santa Anna 6
BOTTOM OF THE 7TH
Santa Anna Dukes batting - Pitching for San Pablo de las Salinas Doctors : RHP Juan Oliveira
Batting: RHB William Elliott 0-0: Ball
1-0: Foul Ball, location: 2F
1-1: Ball
2-1: Ball
3-1: Base on Balls
Batting: RHB Brian Martínez 0-0: Ball
1-0: Ball
2-0: Sac Bunt - play at first, batter OUT! 5-4
William Elliott to second
Batting: RHB Rory Howard 0-0: Swinging Strike
0-1: Ball
1-1: Foul Ball, location: 2F
1-2: Ball
2-2: 2-RUN HOME RUN (Flyball, 8LXD), Distance : 442 ft
Pitching: RHP Dan Ramsey
Batting: RHB Ben Wilson 0-0: Ball
1-0: Swinging Strike
1-1: Ball
2-1: Swinging Strike
2-2: Ball
3-2: Strikes out looking
Batting: RHB Jesús Velásquez 0-0: Called Strike
0-1: Foul Ball, location: 2F
0-2: Strikes out swinging
Bottom of the 7th over - 2 run(s), 1 hit(s), 0 error(s), 0 left on base; San Pablo de las Salinas 4 - Santa Anna 8
TOP OF THE 8TH
San Pablo de las Salinas Doctors batting - Pitching for Santa Anna Dukes : RHP José Braceiras
Batting: RHB Júlio Núñez 0-0: Called Strike
0-1: Called Strike
0-2: Strikes out swinging
Batting: RHB Luis López 0-0: Called Strike
0-1: Called Strike
0-2: Ball
1-2: Ground out 5-3 (Groundball, 56S)
Batting: RHB Domingo Salinas 0-0: Ball
1-0: Ball
2-0: Foul Ball, location: 2F
2-1: SINGLE (Flyball, 89S)
Batting: RHB Ramón Espinoza 0-0: Foul Ball, location: 2F
0-1: Ball
1-1: Ball
2-1: Foul Ball, location: 2F
2-2: Strikes out looking
Top of the 8th over - 0 run(s), 1 hit(s), 0 error(s), 1 left on base; San Pablo de las Salinas 4 - Santa Anna 8
BOTTOM OF THE 8TH
Santa Anna Dukes batting - Pitching for San Pablo de las Salinas Doctors : RHP Dan Ramsey
Batting: RHB Scott McGuire 0-0: Called Strike
0-1: Foul Ball, location: 2F
0-2: Foul Ball, location: 2F
0-2: Ball
1-2: Strikes out swinging
Batting: SHB Jerry Young 0-0: Ball
1-0: Ball
2-0: Ball
3-0: Base on Balls
Batting: RHB John Hutchins 0-0: Called Strike
0-1: Ball
1-1: Ball
2-1: Ball
3-1: Ground out 5-3 (Groundball, 56S)
Jerry Young to second
Batting: LHB Tony Beck 0-0: Fly out, F9 (Flyball, 9S)
Bottom of the 8th over - 0 run(s), 0 hit(s), 0 error(s), 1 left on base; San Pablo de las Salinas 4 - Santa Anna 8
TOP OF THE 9TH
San Pablo de las Salinas Doctors batting - Pitching for Santa Anna Dukes : RHP José Braceiras
Batting: SHB Jorge Aguilar 0-0: Ball
1-0: Called Strike
1-1: Swinging Strike
1-2: Ball
2-2: Strikes out swinging
Batting: RHB Arthur Hopkins 0-0: Ball
1-0: Ball
2-0: Called Strike
2-1: SINGLE (Groundball, 34D)
Batting: RHB Arturo Franco 0-0: Swinging Strike
0-1: Ball
1-1: Ball
2-1: Swinging Strike
2-2: Foul Ball, location: 2F
2-2: Strikes out swinging
Batting: RHB Joel Hebert 0-0: Called Strike
0-1: Ball
1-1: Foul Ball, location: 2F
1-2: Ball
2-2: Foul Ball, location: 2F
2-2: Foul Ball, location: 2F
2-2: Ball
3-2: Strikes out swinging
Top of the 9th over - 0 run(s), 1 hit(s), 0 error(s), 1 left on base; San Pablo de las Salinas 4 - Santa Anna 8
Thursday, March 30th, 2017 - OOTP Baseball 17.12 Build 75